| TOP OF THE 1ST |
|
Brockton Rox batting - Pitching for Southern Maryland Blue Crabs : LHP Eric McCloud
|
|
Pitching: LHP Eric McCloud
|
|
|
Batting: LHB Darby Starburster
|
0-0: Ground out 6-3 (Groundball, 6, EV 85.0 MPH)
|
|
Batting: RHB Jose Blocker
|
0-0: Ball 1-0: Foul Ball, location: 2F 1-1: Ground out 6-3 (Groundball, 6, EV 106.9 MPH)
|
|
Batting: RHB Matt Walker
|
0-0: Ground out 6-3 (Groundball, 6, EV 80.0 MPH)
|
| Top of the 1st over - 0 runs, 0 hits, 0 errors, 0 left on base; Brockton 0 - Southern Maryland 0 |
| BOTTOM OF THE 1ST |
|
Southern Maryland Blue Crabs batting - Pitching for Brockton Rox : LHP Eddie Noon
|
|
Pitching: LHP Eddie Noon
|
|
|
Batting: RHB Eddie Morin
|
0-0: Ball 1-0: Called Strike 1-1: Foul Ball, location: 2F 1-2: Ground out 6-3 (Groundball, 6D, EV 84.4 MPH)
|
|
Batting: RHB Josh Ludwig
|
0-0: Called Strike 0-1: Foul Ball, location: 2F 0-2: Ball 1-2: Ground out 4-3 (Groundball, 4, EV 86.2 MPH)
|
|
Batting: LHB Stu Proulx
|
0-0: Ground out 4-3 (Groundball, 4, EV 86.9 MPH)
|
| Bottom of the 1st over - 0 runs, 0 hits, 0 errors, 0 left on base; Brockton 0 - Southern Maryland 0 |
| TOP OF THE 2ND |
|
Brockton Rox batting - Pitching for Southern Maryland Blue Crabs : LHP Eric McCloud
|
|
Batting: RHB Chris Zubia
|
0-0: Called Strike 0-1: Swinging Strike 0-2: Ball 1-2: Foul Ball, location: 2F 1-2: Ground out 1-3 (Groundball, 13, EV 66.9 MPH)
|
|
Batting: SHB Mel Gonzalez
|
0-0: Ball 1-0: Swinging Strike 1-1: Ground out 4-3 (Groundball, 4, EV 85.6 MPH)
|
|
Batting: LHB Joe Martens
|
0-0: Foul Ball, location: 2F 0-1: Ball 1-1: Ball 2-1: Ball 3-1: Foul Ball, location: 2F 3-2: Foul Ball, location: 2F 3-2: Strikes out swinging, 2-3 out at first.
|
| Top of the 2nd over - 0 runs, 0 hits, 0 errors, 0 left on base; Brockton 0 - Southern Maryland 0 |
| BOTTOM OF THE 2ND |
|
Southern Maryland Blue Crabs batting - Pitching for Brockton Rox : LHP Eddie Noon
|
|
Batting: RHB Imbart van Rens
|
0-0: Ball 1-0: Called Strike 1-1: Ball 2-1: Ball 3-1: Swinging Strike 3-2: SINGLE (Line Drive, 6D, EV 96.9 MPH)
|
|
Batting: RHB Hsui-chen Yang
|
0-0: Called Strike 0-1: Ball 1-1: Foul Ball, location: 2F 1-2: Ball 2-2: Foul Ball, location: 2F 2-2: Fly out, F8 (Line Drive, 78M, EV 103.8 MPH)
|
|
Batting: RHB Oscar Chapa
|
0-0: SINGLE (Groundball, 34D, EV 105.0 MPH) Imbart van Rens to second
|
|
Batting: RHB Josh Kurth
|
0-0: Called Strike 0-1: Ball 1-1: SINGLE (Groundball, 4M, EV 97.5 MPH) (infield hit) Imbart van Rens to third Oscar Chapa to second
|
|
Batting: RHB John Lowe
|
0-0: Called Strike 0-1: Ball 1-1: Reached on error, E8 (Flyball, 8RD, EV 86.9 MPH) Imbart van Rens scores Oscar Chapa to third Josh Kurth to second
|
|
Batting: RHB Adam Cooper
|
0-0: Swinging Strike 0-1: Foul Ball, location: 2F 0-2: Ball 1-2: Grounds into double play, 4-6-3 (Groundball, 4S, EV 85.0 MPH)
|
| Bottom of the 2nd over - 1 run, 3 hits, 1 error, 2 left on base; Brockton 0 - Southern Maryland 1 |
| TOP OF THE 3RD |
|
Brockton Rox batting - Pitching for Southern Maryland Blue Crabs : LHP Eric McCloud
|
|
Batting: SHB Zach Clark
|
0-0: Called Strike 0-1: Foul Ball, location: 2F 0-2: Ball 1-2: Foul Ball, location: 2F 1-2: Foul Ball, location: 2F 1-2: Strikes out swinging
|
|
Batting: LHB Isaiah Spitzbarth
|
0-0: Foul Ball, location: 2F 0-1: Ball 1-1: Ball 2-1: Called Strike 2-2: Strikes out looking
|
|
Batting: LHB Eddie Noon
|
0-0: Ball 1-0: Ball 2-0: SOLO HOME RUN (Flyball, 9D, EV 97.5 MPH), Distance : 377 ft
|
|
Batting: LHB Darby Starburster
|
0-0: Foul Ball, location: 2F 0-1: Ball 1-1: Called Strike 1-2: Strikes out looking
|
| Top of the 3rd over - 1 run, 1 hit, 0 errors, 0 left on base; Brockton 1 - Southern Maryland 1 |
| BOTTOM OF THE 3RD |
|
Southern Maryland Blue Crabs batting - Pitching for Brockton Rox : LHP Eddie Noon
|
|
Batting: RHB Eddie Morin
|
0-0: Ball 1-0: Ball 2-0: Ball 3-0: Called Strike 3-1: Called Strike 3-2: Base on Balls
|
|
Batting: RHB Josh Ludwig
|
0-0: Swinging Strike 0-1: Ball 1-1: Foul Ball, location: 2F 1-2: Strikes out swinging
|
|
Batting: LHB Stu Proulx
|
0-0: Fielders Choice at 2nd, 5-4 (Groundball, 56S, EV 79.4 MPH)
|
|
Batting: RHB Imbart van Rens
|
0-0: Ball 1-0: Ball 2-0: Ball 3-0: Called Strike 3-1: Called Strike 3-2: Foul Ball, location: 2F 3-2: DOUBLE (Flyball, 8RXD, EV 94.4 MPH) Stu Proulx to third Stu Proulx scores
|
|
Batting: RHB Hsui-chen Yang
|
0-0: Called Strike 0-1: Fly out, F9 (Line Drive, 9S, EV 89.4 MPH)
|
| Bottom of the 3rd over - 1 run, 1 hit, 0 errors, 1 left on base; Brockton 1 - Southern Maryland 2 |
| TOP OF THE 4TH |
|
Brockton Rox batting - Pitching for Southern Maryland Blue Crabs : LHP Eric McCloud
|
|
Batting: RHB Jose Blocker
|
0-0: Ball 1-0: Ball 2-0: Ground out 2-3 (Groundball, 15S, EV 72.5 MPH)
|
|
Batting: RHB Matt Walker
|
0-0: Called Strike 0-1: Foul Ball, location: 2F 0-2: Ball 1-2: Foul Ball, location: 2F 1-2: Ball 2-2: Ball 3-2: Base on Balls
|
|
Batting: RHB Chris Zubia
|
0-0: Called Strike 0-1: Ball 1-1: Ball 2-1: Foul Ball, location: 2F 2-2: Ball 3-2: Foul Ball, location: 2F 3-2: Fly out, F7 (Flyball, 7, EV 90.6 MPH)
|
|
Batting: SHB Mel Gonzalez
|
0-0: Ball 1-0: Ball 2-0: Foul Ball, location: 2F 2-1: Foul Ball, location: 2F 2-2: Strikes out looking
|
| Top of the 4th over - 0 runs, 0 hits, 0 errors, 1 left on base; Brockton 1 - Southern Maryland 2 |
| BOTTOM OF THE 4TH |
|
Southern Maryland Blue Crabs batting - Pitching for Brockton Rox : LHP Eddie Noon
|
|
Batting: RHB Oscar Chapa
|
0-0: Foul Ball, location: 2F 0-1: Ball 1-1: Foul Ball, location: 2F 1-2: Ball 2-2: Foul Ball, location: 2F 2-2: Ball 3-2: Strikes out swinging
|
|
Batting: RHB Josh Kurth
|
0-0: Ball 1-0: Ball 2-0: Called Strike 2-1: Foul Ball, location: 2F 2-2: SINGLE (Groundball, 6MD, EV 101.2 MPH)
|
|
Batting: RHB John Lowe
|
0-0: Fly out, F8 (Flyball, 8RS, EV 90.6 MPH)
|
|
Batting: RHB Adam Cooper
|
0-0: Called Strike 0-1: Swinging Strike 0-2: Foul Ball, location: 2F 0-2: Ball 1-2: Foul Ball, location: 2F 1-2: Strikes out swinging
|
| Bottom of the 4th over - 0 runs, 1 hit, 0 errors, 1 left on base; Brockton 1 - Southern Maryland 2 |
| TOP OF THE 5TH |
|
Brockton Rox batting - Pitching for Southern Maryland Blue Crabs : LHP Eric McCloud
|
|
Batting: LHB Joe Martens
|
0-0: Ball 1-0: Foul Ball, location: 2F 1-1: Foul Ball, location: 2F 1-2: Ball 2-2: Strikes out looking
|
|
Batting: SHB Zach Clark
|
0-0: SINGLE (Groundball, 56D, EV 100.0 MPH)
|
|
Batting: LHB Isaiah Spitzbarth
|
0-0: Swinging Strike 0-1: Fly out, F9 (Flyball, 9LSF, EV 86.9 MPH)
|
|
Batting: LHB Eddie Noon
|
0-0: Ball 1-0: Fly out, F3 (Popup, 3S, EV 81.2 MPH)
|
| Top of the 5th over - 0 runs, 1 hit, 0 errors, 1 left on base; Brockton 1 - Southern Maryland 2 |
| BOTTOM OF THE 5TH |
|
Southern Maryland Blue Crabs batting - Pitching for Brockton Rox : LHP Eddie Noon
|
|
Batting: RHB Eddie Morin
|
0-0: Swinging Strike 0-1: Foul Ball, location: 2F 0-2: Ball 1-2: Strikes out swinging, 2-3 out at first.
|
|
Batting: RHB Josh Ludwig
|
0-0: Ball 1-0: Ball 2-0: Ball 3-0: Base on Balls
|
|
Batting: LHB Stu Proulx
|
0-0: Called Strike 0-1: Ball 1-1: Ball 2-1: Called Strike 2-2: Grounds out, U3 (Groundball, 3L, EV 107.5 MPH)
|
|
Pitching: LHP Brad Victor
|
|
|
Batting: RHB Imbart van Rens
|
0-0: Ground out 6-3 (Groundball, 6, EV 100.6 MPH)
|
| Bottom of the 5th over - 0 runs, 0 hits, 0 errors, 1 left on base; Brockton 1 - Southern Maryland 2 |
| TOP OF THE 6TH |
|
Brockton Rox batting - Pitching for Southern Maryland Blue Crabs : LHP Eric McCloud
|
|
Batting: LHB Darby Starburster
|
0-0: Called Strike 0-1: Ball 1-1: Called Strike 1-2: Ball 2-2: Strikes out looking
|
|
Batting: RHB Jose Blocker
|
0-0: Called Strike 0-1: Called Strike 0-2: Strikes out swinging
|
|
Batting: RHB Matt Walker
|
0-0: Ball 1-0: Ball 2-0: Fly out, F8 (Flyball, 8RD, EV 93.8 MPH)
|
| Top of the 6th over - 0 runs, 0 hits, 0 errors, 0 left on base; Brockton 1 - Southern Maryland 2 |
| BOTTOM OF THE 6TH |
|
Southern Maryland Blue Crabs batting - Pitching for Brockton Rox : LHP Brad Victor
|
|
Batting: RHB Hsui-chen Yang
|
0-0: Ground out 5-3 (Groundball, 56S, EV 84.4 MPH)
|
|
Batting: RHB Oscar Chapa
|
0-0: Fly out, F9 (Flyball, 9, EV 89.4 MPH)
|
|
Batting: RHB Josh Kurth
|
0-0: SINGLE (Line Drive, 7S, EV 107.5 MPH)
|
|
Batting: RHB John Lowe
|
0-0: Foul Ball, location: 2F 0-1: Foul Ball, location: 2F 0-2: Fly out, F8 (Flyball, 8RXD, EV 101.9 MPH)
|
| Bottom of the 6th over - 0 runs, 1 hit, 0 errors, 1 left on base; Brockton 1 - Southern Maryland 2 |
| TOP OF THE 7TH |
|
Brockton Rox batting - Pitching for Southern Maryland Blue Crabs : LHP Eric McCloud
|
|
Batting: RHB Chris Zubia
|
0-0: Ball 1-0: Foul Ball, location: 2F 1-1: Foul Ball, location: 2F 1-2: Fly out, F8 (Flyball, 89M, EV 96.2 MPH)
|
|
Batting: SHB Mel Gonzalez
|
0-0: Swinging Strike 0-1: Ground out 6-3 (Groundball, 6, EV 76.2 MPH)
|
|
Batting: LHB Joe Martens
|
0-0: Ball 1-0: Ball 2-0: Ball 3-0: Swinging Strike 3-1: Foul Ball, location: 2F 3-2: Foul Ball, location: 2F 3-2: Strikes out swinging
|
| Top of the 7th over - 0 runs, 0 hits, 0 errors, 0 left on base; Brockton 1 - Southern Maryland 2 |
| BOTTOM OF THE 7TH |
|
Southern Maryland Blue Crabs batting - Pitching for Brockton Rox : LHP Brad Victor
|
|
Batting: RHB Adam Cooper
|
0-0: Called Strike 0-1: Ball 1-1: Fly out, F9 (Flyball, 9LM, EV 84.4 MPH)
|
|
Batting: RHB Eddie Morin
|
0-0: SINGLE (Flyball, 8LS, EV 94.4 MPH)
|
|
Batting: RHB Josh Ludwig
|
0-0: Ball 1-0: Foul Ball, location: 2F 1-1: Ball 2-1: Called Strike 2-2: Fly out, F6 (Line Drive, 6, EV 66.9 MPH)
|
|
Batting: LHB Stu Proulx
|
0-0: Ball 1-0: Fielders Choice at 2nd, 6-4 (Groundball, 6, EV 104.4 MPH)
|
| Bottom of the 7th over - 0 runs, 1 hit, 0 errors, 1 left on base; Brockton 1 - Southern Maryland 2 |
| TOP OF THE 8TH |
|
Brockton Rox batting - Pitching for Southern Maryland Blue Crabs : LHP Eric McCloud
|
|
Batting: SHB Zach Clark
|
0-0: Ball 1-0: Ground out 6-3 (Groundball, 56, EV 104.4 MPH)
|
|
Batting: LHB Isaiah Spitzbarth
|
0-0: Ball 1-0: Called Strike 1-1: SOLO HOME RUN (Flyball, 9D, EV 99.4 MPH), Distance : 398 ft
|
|
Batting: RHB Kyle Franken
|
0-0: Ball 1-0: Ball 2-0: Ball 3-0: Base on Balls
|
|
Pinch Hitting: RHB Joe Borrowman
|
0-0: Ball 1-0: Ball 2-0: Called Strike 2-1: Called Strike 2-2: Strikes out swinging
|
|
Pitching: LHP Jeff Conti
|
|
|
Batting: RHB Jose Blocker
|
0-0: Fly out, F8 (Flyball, 8RXD, EV 83.1 MPH)
|
| Top of the 8th over - 1 run, 1 hit, 0 errors, 1 left on base; Brockton 2 - Southern Maryland 2 |
| BOTTOM OF THE 8TH |
|
Southern Maryland Blue Crabs batting - Pitching for Brockton Rox : LHP Brad Victor
|
|
Now at SS: Jim Connel
|
|
|
Batting: RHB Imbart van Rens
|
0-0: Swinging Strike 0-1: Called Strike 0-2: Ball 1-2: Foul Ball, location: 2F 1-2: Strikes out swinging
|
|
Batting: RHB Hsui-chen Yang
|
0-0: Called Strike 0-1: Swinging Strike 0-2: Ball 1-2: Ground out 4-3 (Groundball, 4, EV 88.1 MPH)
|
|
Batting: RHB Oscar Chapa
|
0-0: Called Strike 0-1: Ball 1-1: Ball 2-1: SINGLE (Groundball, 25, EV 67.5 MPH) (infield hit)
|
|
Batting: RHB Josh Kurth
|
0-0: Ball 1-0: Swinging Strike 1-1: Ball 2-1: Foul Ball, location: 2F 2-2: Ball 3-2: Fly out, F9 (Flyball, 89M, EV 95.0 MPH)
|
| Bottom of the 8th over - 0 runs, 1 hit, 0 errors, 1 left on base; Brockton 2 - Southern Maryland 2 |
| TOP OF THE 9TH |
|
Brockton Rox batting - Pitching for Southern Maryland Blue Crabs : LHP Jeff Conti
|
|
Pitching: RHP Steve Brulhart
|
|
|
Batting: RHB Matt Walker
|
0-0: Called Strike 0-1: Foul Ball, location: 2F 0-2: Ball 1-2: Strikes out swinging
|
|
Batting: RHB Chris Zubia
|
0-0: Ball 1-0: Ball 2-0: Ball 3-0: Called Strike 3-1: Foul Ball, location: 2F 3-2: Strikes out swinging
|
|
Pinch Hitting: RHB Eric Morrison
|
0-0: Ball 1-0: Called Strike 1-1: SINGLE (Flyball, 7LS, EV 95.0 MPH)
|
|
Batting: LHB Joe Martens
|
0-0: Ball 1-0: Swinging Strike 1-1: Ball 2-1: Ball 3-1: Called Strike 3-2: Base on Balls Eric Morrison to second
|
|
Pinch Runner at 2nd Carlos Salazar:
|
|
|
Batting: SHB Zach Clark
|
0-0: Fly out, F9 (Line Drive, 9LM, EV 90.0 MPH)
|
| Top of the 9th over - 0 runs, 1 hit, 0 errors, 2 left on base; Brockton 2 - Southern Maryland 2 |
| BOTTOM OF THE 9TH |
|
Southern Maryland Blue Crabs batting - Pitching for Brockton Rox : LHP Brad Victor
|
|
Now at C: Rob Romero
|
|
|
Pinch Hitting: RHB Mike King
|
0-0: Ball 1-0: Called Strike 1-1: Ball 2-1: Foul Ball, location: 2F 2-2: Strikes out swinging
|
|
Pinch Hitting: SHB John Hiles
|
0-0: SINGLE (Groundball, 6MD, EV 97.5 MPH)
|
|
Batting: RHB Eddie Morin
|
0-0: DOUBLE (Line Drive, 9LD, EV 110.0 MPH) John Hiles to third
|
|
Batting: RHB Josh Ludwig
|
0-0: Called Strike 0-1: Foul Ball, location: 2F 0-2: Foul Ball, location: 2F 0-2: Strikes out swinging
|
|
Pitching: RHP Johnny Lucero
|
|
|
Batting: LHB Stu Proulx
|
0-0: Swinging Strike 0-1: Foul Ball, location: 2F 0-2: Ball 1-2: Ball 2-2: Ball 3-2: Base on Balls
|
|
Batting: RHB Imbart van Rens
|
0-0: Fly out, F8 (Flyball, 8LD, EV 105.0 MPH)
|
| Bottom of the 9th over - 0 runs, 2 hits, 0 errors, 3 left on base; Brockton 2 - Southern Maryland 2 |
| TOP OF THE 10TH |
|
Brockton Rox batting - Pitching for Southern Maryland Blue Crabs : RHP Steve Brulhart
|
|
Now at 1B: Mike King
|
|
|
Now in RF: Tyler Hawkins
|
|
|
Batting: LHB Isaiah Spitzbarth
|
0-0: Called Strike 0-1: Swinging Strike 0-2: Ball 1-2: Strikes out looking
|
|
Batting: RHB Kyle Franken
|
0-0: Ball 1-0: Swinging Strike 1-1: Ball 2-1: Swinging Strike 2-2: SINGLE (Groundball, 6MD, EV 104.4 MPH)
|
|
Batting: LHB Jim Connel
|
0-0: Ball 1-0: Called Strike 1-1: Swinging Strike 1-2: SINGLE (Groundball, 4MD, EV 103.8 MPH) Kyle Franken to second Runner from 2nd tries for 3rd, SAFE, throw by CF made to third
|
|
Batting: RHB Jose Blocker
|
0-0: Ball 1-0: Ball 2-0: Foul Ball, location: 2F 2-1: Swinging Strike 2-2: Fly out, F7 (Flyball, 78M, EV 72.5 MPH)
|
|
Batting: RHB Matt Walker
|
0-0: Called Strike 0-1: Ball 1-1: Ball 2-1: Foul Ball, location: 2F 2-2: SINGLE (Line Drive, 56D, EV 110.0 MPH) Kyle Franken scores Jim Connel to second
|
|
Batting: RHB Chris Zubia
|
0-0: Called Strike 0-1: Foul Ball, location: 2F 0-2: Ball 1-2: Ball 2-2: Foul Ball, location: 2F 2-2: Foul Ball, location: 2F 2-2: Ball 3-2: Reached on error, E6 (Groundball, 56, EV 98.1 MPH) Jim Connel scores Matt Walker to third
|
|
Batting: RHB Rob Romero
|
0-0: Called Strike 0-1: Ground out 4-3 (Groundball, 4, EV 83.8 MPH)
|
| Top of the 10th over - 2 runs, 3 hits, 1 error, 2 left on base; Brockton 4 - Southern Maryland 2 |
| BOTTOM OF THE 10TH |
|
Southern Maryland Blue Crabs batting - Pitching for Brockton Rox : RHP Johnny Lucero
|
|
Pitching: RHP Dillon Ekwall
|
|
|
Pinch Hitting: RHB Dou-wan Pan
|
0-0: Swinging Strike 0-1: SINGLE (Groundball, 6MD, EV 97.5 MPH)
|
|
Batting: RHB Oscar Chapa
|
0-0: Ball 1-0: Ball 2-0: Ground out 6-3 (Groundball, 6M, EV 97.5 MPH) Dou-wan Pan to second
|
|
Batting: RHB Josh Kurth
|
0-0: Swinging Strike 0-1: Ball 1-1: Ball 2-1: Ball 3-1: Foul Ball, location: 2F 3-2: Base on Balls
|
|
Batting: RHB Mike King
|
0-0: Called Strike 0-1: SINGLE (Groundball, 3D, EV 101.2 MPH) Dou-wan Pan to third Josh Kurth to second
|
|
Batting: RHB Tyler Hawkins
|
0-0: Grounds into double play, 5-4-3 (Groundball, 56, EV 85.0 MPH)
|
| Bottom of the 10th over - 0 runs, 2 hits, 0 errors, 2 left on base; Brockton 4 - Southern Maryland 2 |
|